 Dungeon Crawl Stone Soup version 0.28.0 (webtiles) character file.

Game seed: 13390722411143074931

18 apoch the Chopper (level 2, 27/27 HPs)
             Began as a Hill Orc Cinder Acolyte on Feb 4, 2022.
             Was a High Priest of Ignis.
             Quit the game on level 1 of the Dungeon.
             The game lasted 00:01:57 (463 turns).

apoch the Chopper (Hill Orc Cinder Acolyte)          Turns: 463, Time: 00:01:57

Health: 27/27      AC:  2    Str: 16    XL:     2   Next: 66%
Magic:  3/3        EV: 11    Int: 14    God:    Ignis [*****.]
Gold:   50         SH:  0    Dex:  6    Spells: 3/3 levels left

rFire   + . .      SeeInvis .   a - -1 hand axe (flame)
rCold   . . .      Faith    .   (no shield)
rNeg    . . .      Spirit   .   b - +0 robe
rPois   .          Reflect  .   (no helmet)
rElec   .          Harm     .   (no cloak)
rCorr   +          Rampage  .   (no gloves)
Will    .....                   (no boots)
Stlth   +.........              (no amulet)
HPRegen 0.09/turn               f - ring of resist corrosion
MPRegen 0.08/turn               (no ring)

@: no status effects
A: no striking features
a: Renounce Religion, Fiery Armour, Foxfire Swarm, Rising Flame


You were on level 1 of the Dungeon.
You worshipped Ignis.
Ignis was extremely pleased with you.
You visited 1 branch of the dungeon, and saw 1 of its levels.

You collected 50 gold pieces.

Inventory:

Hand Weapons
 a - a -1 hand axe of flaming (weapon)
Armour
 b - a +0 robe (worn)
Jewellery
 f - a ring of resist corrosion (left hand)
Scrolls
 e - a scroll of identify {unknown}
Potions
 c - a potion of flight {unknown}
 d - 2 potions of curing {unknown}


   Skills:
 + Level 3.9 Fighting
 + Level 4.3 Axes
 + Level 1.2 Spellcasting
 + Level 3.5 Fire Magic


You had 3 spell levels left.
You didn't know any spells.
Your spell library contained the following spells:

 Spells                   Type           Power      Damage    Failure   Level
 Scorch                   Fire           20%        2d6       9%          2
 Gell's Gravitas          Tloc           0%         N/A       61%         3
 Lesser Beckoning         Tloc           0%         N/A       61%         3
 Teleport Other           Tloc           0%         N/A       61%         3


Dungeon Overview and Level Annotations

Branches:
Dungeon (1/15)

Altars:


Message History

You are too injured to fight recklessly!
You are too injured to fight recklessly!
Unknown command.
You are too injured to fight recklessly!
You are too injured to fight recklessly!
You hit the dart slug. You burn the dart slug.
The dart slug is almost dead.
The dart slug barely misses you.
You hit the dart slug but do no damage.
The dart slug is almost dead.
The dart slug launches a dart at you. The slug dart hits you.
You hit the dart slug. You burn the dart slug.
You kill the dart slug!
You start resting.
HP restored.
A giant cockroach comes into view.
Found a steel ring.
You hit the giant cockroach but do no damage.
The giant cockroach bites you. The giant cockroach barely misses you.
You barely miss the giant cockroach.
The giant cockroach bites you but does no damage.
You hit the giant cockroach. You burn the giant cockroach.
You kill the giant cockroach!
No target in view!
Found 22 stones.
f - a ring of resist corrosion
f - a ring of resist corrosion (left hand)
A quokka and a ball python come into view.
The ball python hisses angrily.
You have 50 gold pieces.
Char dumped successfully.
Your movement speed is average.
Your attack delay is about 1.0.
Save game and exit?
Okay, then.
Okay, then.
Unknown command.
Are you sure you want to abandon this character and quit the game? (Confirm with "yes".)
Okay, then.
Are you sure you want to abandon this character and quit the game? (Confirm with "yes".)

..# #.# #.# #(# #.#
#.## .##.########..#
.r.....@......######
.......####.........
.##.##. #.#....... #
#. #.#.####.# #.# #.
#.#.# #.# #.# #S
#.#.# #.# #.#
.#.###.#.## #.# #..
# #.†.....###.# #..
#.###.....##.# #.#


You could see a quokka and a ball python.

Vanquished Creatures
  A dart slug (D:1)
  2 endoplasms (D:1)
  5 giant cockroaches (D:1)
  A goblin (D:1)
  3 ball pythons (D:1)
  A bat (D:1)
  A kobold (D:1)
  A rat (D:1)
15 creatures vanquished.

Notes
Turn   | Place    | Note
-------+----------+-------------------------------------------
     0 | D:1      | apoch the Hill Orc Cinder Acolyte began the quest for the
                  | Orb.
     0 | D:1      | Reached XP level 1. HP: 19/19 MP: 2/2
    99 | D:1      | Reached XP level 2. HP: 27/27 MP: 3/3
   463 | D:1      | Quit the game

Illustrated notes

Levels and vault maps discovered:
D:1:      dpeg_arrival_more_subterranean_lakeside_camping, layout_loops_ring,
          serial_bayou_pond_c

Action                   || total
-------------------------++-------
Melee: Hand axe          ||    33
       Punch             ||     1
Invok: Fiery Armour      ||     1
Armor: Robe              ||    16
Dodge: Dodged            ||    14
